AoeStats
← zzbs1234

Nomad

504667859Analyzed
4v4 RM · 26d ago on Sep 6, 2026· 61m 37s· 8 players
Game mode
Random Map
Map size
231×231
Population
200
Speed
Normal
Resources
Standard
Victory
Conquest
Starting age
Dark Age
Ending age
Imperial Age
RankedLock teamsTeams togetherTeam positionsShared explorationLock speedFull tech treeHidden civsTurbo modeCheats
Victory
Defeat
🇭🇰 Magyars · Hong Kong SAR China
1207
+12
🇹🇼 Malians · Taiwan
1194
+13
🇨🇴 Mongols · Colombia
1171
+14
🇺🇸 Khitans · United States
1165
+14
🇲🇽 Vietnamese · Mexico
1305
-20
🇨🇱 Britons · Chile
1097
-12
🇨🇱 Berbers · Chile
1071
-11
🇨🇱 Shu · Chile
1026
-10
santiagogp2093
11:21 Loom
13:07 Feudal Age
11:27 Loom
13:15 Feudal Age
18:35 Castle Age
25:55 Horse Collar
58:57 Wheelbarrow
62:20 Imperial Age
61:44 Hand Cart
只會5TC
5:19 Loom
13:34 Feudal Age
18:24 Castle Age
18:54 Double-Bit Axe
19:04 Stone Mining
21:45 Bow Saw
21:03 Demolition Ship
21:28 Fishing Lines
24:23 Fletching
24:40 Town Watch
25:31 Wheelbarrow
25:04 Gillnets
34:10 Imperial Age
32:15 Gold Mining
32:12 Horse Collar
33:37 Gold Shaft Mining
40:06 Bodkin Arrow
40:22 Forging
43:07 Chemistry
43:09 Ballistics
50:07 Hand Cart
53:19 Stone Shaft Mining
57:12 Squires
56:57 Arson
59:53 Town Patrol
Doge
9:30 Loom
15:10 Feudal Age
15:36 Double-Bit Axe
20:33 Castle Age
20:47 Horse Collar
21:39 Bow Saw
21:29 Heavy Plow
21:56 Scale Barding Armor
24:31 Corvinian Army
27:55 Chain Barding Armor
32:30 Pikeman
34:04 Wheelbarrow
35:58 Hand Cart
46:32 Imperial Age
47:20 Husbandry
47:35 Bloodlines
46:46 Light Cavalry
48:05 Plate Barding Armor
48:00 Conscription
47:42 Light Cavalry
48:10 Elite Magyar Huszar
56:16 Stone Mining
57:06 Crop Rotation
57:37 Two-Man Saw
zzbs1234
11:13 Loom
13:46 Feudal Age
18:28 Castle Age
16:24 Domestication
17:08 Double-Bit Axe
17:33 Gold Mining
20:38 Bow Saw
24:58 Wheelbarrow
25:53 Husbandry
27:09 Forging
28:59 Iron Casting
29:08 Scale Barding Armor
30:06 Squires
30:14 Scale Mail Armor
34:02 Imperial Age
32:28 Chain Barding Armor
32:23 Chain Mail Armor
32:27 Hand Cart
32:09 Stone Mining
34:59 Town Watch
36:17 Two-Man Saw
34:48 Elite Steppe Lancer
37:58 Plate Barding Armor
37:15 Light Cavalry
38:02 Town Patrol
38:11 Pastoralism
39:17 Ordo Cavalry
40:46 Conscription
40:17 Hussar
41:03 Fletching
41:22 Siege Engineers
42:31 Heavy Camel Rider
46:59 Bodkin Arrow
48:20 Bracer
48:44 Ballistics
49:24 Chemistry
48:55 Lamellar Armor
48:20 Heavy Rocket Cart
49:21 Padded Archer Armor
49:52 Plate Mail Armor
49:30 Elite Skirmisher
52:10 Elite Liao Dao
53:40 Leather Archer Armor
53:40 Thumb Ring
Cure
5:15 Loom
12:20 Feudal Age
13:04 Double-Bit Axe
14:57 Fletching
17:04 Town Watch
22:08 Castle Age
20:37 Padded Archer Armor
21:39 Gold Mining
22:14 Crossbowman
22:50 Bodkin Arrow
26:48 Bow Saw
29:38 Thumb Ring
30:25 Wheelbarrow
32:57 Hand Cart
33:34 Horse Collar
34:50 Scale Barding Armor
38:00 Imperial Age
37:41 Heavy Plow
38:02 Arbalester
39:27 Bracer
40:11 Ballistics
40:54 Chemistry
41:20 Leather Archer Armor
42:03 Ballistics
44:10 Siege Engineers
46:58 Leather Archer Armor
Shinra
13:02 Feudal Age
15:21 Double-Bit Axe
16:33 Gold Mining
20:26 Castle Age
19:53 Fletching
20:04 Padded Archer Armor
20:58 Crossbowman
22:16 Loom
22:59 Leather Archer Armor
24:55 Medium Warships
25:41 Wheelbarrow
27:03 Stone Mining
28:03 Bodkin Arrow
29:35 Ballistics
30:00 Gold Shaft Mining
29:38 Bow Saw
34:19 Hand Cart
34:37 Yeomen
38:32 Imperial Age
38:57 Fishing Lines
38:50 Arbalester
40:38 Chemistry
40:53 Conscription
42:44 Bracer
43:14 Ring Archer Armor
44:26 Murder Holes
46:41 Light Cavalry
47:23 Husbandry
47:38 Forging
47:34 Scale Barding Armor
47:36 Cavalier
49:35 Chain Barding Armor
49:18 Scale Mail Armor
Better Call Char
3:48 Loom
13:04 Feudal Age
18:10 Fletching
19:06 Padded Archer Armor
25:50 Castle Age
26:25 Crossbowman
27:15 Bodkin Arrow
29:20 Wheelbarrow
31:11 Thumb Ring
33:31 Thumb Ring
38:10 Horse Collar
38:17 Double-Bit Axe
44:28 Imperial Age
41:47 Town Watch
43:06 Ballistics
43:50 Husbandry
46:34 Chemistry
46:12 Conscription
48:12 Scale Barding Armor
53:26 Siege Engineers
55:30 Bolt Magazine
56:27 Chain Barding Armor
pattox17
9:46 Loom
14:45 Feudal Age
15:49 Double-Bit Axe
17:28 Fishing Lines
21:22 Castle Age
22:46 Wheelbarrow
22:41 Forging
23:25 Husbandry
23:38 Scale Barding Armor
24:26 Horse Collar
27:10 Iron Casting
27:06 Heavy Plow
28:15 Bloodlines
29:11 Gold Mining
37:30 Chain Barding Armor
41:58 Imperial Age
39:31 Stone Mining
41:47 Fletching
42:12 Gillnets
44:45 Heavy Camel Rider
47:56 Blast Furnace
48:39 Conscription
49:27 Plate Barding Armor
50:16 Hand Cart
50:22 Bodkin Arrow
57:07 Light Cavalry
58:28 Hussar
Connection lost

Rejoining the realm…

Still unreachable

The connection could not be restored.

Session expired

The server has moved on; the page needs a fresh start.